 Dungeon Crawl Stone Soup version 0.18-a0-705-g580043c (webtiles) character file.

18536 Duffy the Severer (level 12, 110/110 HPs)
             Began as a Minotaur Fighter on Dec 7, 2015.
             Was the Champion of Cheibriados.
             Quit the game in a bazaar.
             The game lasted 00:14:19 (11663 turns).

Duffy the Severer (Minotaur Fighter)               Turns: 11663, Time: 00:14:19

Health: 110/110    AC: 21    Str: 40    XL:     12   Next: 28%
Magic:  11/20      EV: 19    Int: 20    God:    Cheibriados [******]
Gold:   392        SH:  0    Dex: 26    Spells: 0 memorised, 11 levels left

rFire  . . .     SeeInvis .     V - +4 war axe
rCold  + . .     Clarity  .     Y - +3 chain mail {rC+}
rNeg   . . .     SustAt   .     (no shield)
rPois  .         Gourm    .     (helmet restricted)
rElec  .         Spirit   .     S - +2 cloak
rCorr  .         Dismiss  .     M - +0 pair of gloves
rMut   .         Rnd*Tele +     u - +0 pair of boots
MR     .....                    (no amulet)
Stlth  ..........               o - ring of magical power
                                Z - ring of teleportation (curse)

@: very slow, not resistant to hostile enchantments, extremely unstealthy
A: retaliatory headbutt, horns 2
a: Bend Time, Temporal Distortion, Slouch, Step From Time, Renounce Religion,
Evoke Teleportation


You were in a bazaar.
You worshipped Cheibriados.
Cheibriados was exalted by your worship.
You were not hungry.

You visited 1 branch of the dungeon, and saw 13 of its levels.
You visited 1 bazaar.

You collected 716 gold pieces.
You spent 324 gold pieces at shops.


Innate Abilities, Weirdness & Mutations

You reflexively headbutt those who attack you in melee.
You have a pair of horns on your head.


   Skills:
 + Level 11.3 Fighting
 * Level 15.6 Axes
 + Level 11.0 Armour
 + Level 9.4 Dodging
   Level 3.6 Shields


You had 11 spell levels left.
You didn't know any spells.

Inventory:

Hand Weapons
 a - a +0 battleaxe
 V - a +4 war axe (weapon)
Missiles
 G - 2 throwing nets
 K - 12 tomahawks
 L - 4 poisoned tomahawks (quivered)
Armour
 c - a +0 troll leather armour
 t - a +0 fire dragon armour
 u - a +0 pair of boots (worn)
 M - a +0 pair of gloves (worn)
 S - a +2 cloak (worn)
 Y - a +3 chain mail of cold resistance (worn)
Jewellery
 o - a ring of magical power (right hand)
 s - a +2 ring of evasion
 C - an uncursed ring of see invisible
 N - an uncursed ring of sustain attributes
 O - an uncursed amulet of dismissal
 T - the cursed ring of Ajischu {rElec EV-3 Int+3 Slay+3}

   [ring of evasion]

   It affects your evasion (-3).
   It affects your intelligence (+3).
   It affects your accuracy and damage with ranged weapons and melee attacks
   (+3).
   It insulates you from electricity.
   It has a curse placed upon it.
 X - a +2 ring of evasion
 Z - a cursed ring of teleportation (left hand)
Wands
 b - a wand of disintegration (9)
 p - a wand of flame (24)
 q - a wand of magic darts (13)
 E - a wand of slowing (11)
 U - a wand of cold (6)
 W - a wand of flame (23)
Scrolls
 k - 2 scrolls of recharging
 l - a scroll of fog
 m - 2 scrolls of fear
 r - 2 scrolls of teleportation
 w - a scroll of blinking
 y - a scroll of magic mapping
 D - 2 scrolls of remove curse
 H - a scroll of enchant armour {unknown}
 I - 2 scrolls of noise {unknown}
 J - a scroll of immolation {unknown}
 P - a scroll of brand weapon {unknown}
Potions
 d - 2 potions of might
 h - 3 potions of heal wounds
 i - a potion of lignification
 j - a potion of mutation {unknown}
 n - 3 potions of curing
 z - a potion of haste {unknown}
 A - 3 potions of agility
 B - a potion of resistance {unknown}
 Q - 2 potions of poison {unknown}
 R - a potion of invisibility {unknown}
Comestibles
 e - 7 bread rations
 f - 8 meat rations
 g - 11 fruits
 v - 2 slices of pizza
 x - 3 beef jerkies
 F - 11 royal jellies

Dungeon Overview and Level Annotations

Branches:
Dungeon (13/15)            Temple (0/1) D:6            Lair (0/8) D:10
    Orc (0/4) D:12
 Vaults: D:13-14

Altars:
Ashenzari
Cheibriados
Dithmenos
Elyvilon
Kikubaaqudgha
Makhleb
Nemelex Xobeh
Okawaru
Pakellas
Qazlal
Ru
Vehumet
Xom
Yredelemnul
Zin
The Shining One

Shops:
D:4 (   D:5 %


Message History

There is an open door here.
There is an open door here.
There is an open door here.
There is an entrance to Asaykuan's Assorted Antiques here.
w - 2 scrolls labeled ONUYVO REONEOJ (gained 1) Thank you for shopping at Asaykuan's Assorted Antiques!
Read which item? (? for menu, Esc to quit)
Blink to where?
Press: ? - help, Dir - move target cursor, f - you Are you sure you want to cancel this blink?
Okay, then.
As you read the scroll labeled ONUYVO REONEOJ, it crumbles to dust.
It was a scroll of blinking.
There is a fountain of clear blue water here.
There is a fountain of clear blue water here.
There is an entrance to Xeammaz's Assorted Antiques here.
You can access your shopping list by pressing '$'.
o - a garnet ring;
Z - a notched granite ring Thank you for shopping at Xeammaz's Assorted Antiques!
You can access your shopping list by pressing '$'.
Put on which piece of jewellery? (? for menu, Esc to quit)
You remove your +2 ring of evasion.
You feel your magic capacity increase.
o - a ring of magical power (right hand)
You can access your shopping list by pressing '$'.
Put on which piece of jewellery? (? for menu, Esc to quit)
You're wearing all the rings you can.
Remove which one? (? for menu, Esc to cancel) < or
X - a +2 ring of evasion; > or
o - a ring of magical power You remove your +2 ring of evasion.
You feel slightly jumpy.
Oops, that ring feels deathly cold.
Z - a cursed ring of teleportation (left hand) Read which item? (? for menu, Esc to quit)
Okay, then.
Are you sure you want to abandon this character and quit the game? (Confirm with "yes".)

### ### ### ##\## ##@## ##\##
#...# #...# #...#
###.}.#########.}.#########.}.###
..........'...........'..........
###.}.#########.}.#########.}.###
#...# #...# #...# ##\## ##\##
##\## ### ### ###


There were no monsters in sight!

Action                   |  1- 3 |  4- 6 |  7- 9 | 10-12 || total
-------------------------+-------+-------+-------+-------++-------
Melee: War axe           |    80 |   154 |   360 |   354 ||   948
       Battleaxe         |       |       |       |     8 ||     8
Throw: Tomahawk          |       |       |     4 |       ||     4
  Use: Scroll            |       |       |     4 |    12 ||    16
       Potion            |       |       |     2 |     1 ||     3
  Eat: Chunk             |     3 |     6 |    11 |     7 ||    27

Notes
Turn   | Place    | Note
--------------------------------------------------------------
     0 | D:1      | Duffy the Minotaur Fighter began the quest for the Orb.
     0 | D:1      | Reached XP level 1. HP: 19/19 MP: 0/0
    81 | D:1      | Reached skill level 3 in Axes
   219 | D:1      | Reached XP level 2. HP: 19/26 MP: 1/1
   678 | D:1      | Reached skill level 4 in Axes
   883 | D:2      | Reached XP level 3. HP: 19/31 MP: 2/2
  1546 | D:2      | Reached skill level 5 in Axes
  1690 | D:3      | Found an oddly glowing altar of Pakellas.
  1745 | D:3      | Reached XP level 4. HP: 39/39 MP: 3/3
  1768 | D:3      | Found a glowing golden altar of the Shining One.
  1860 | D:3      | Found an iron altar of Okawaru.
  1967 | D:3      | You fall through a shaft!
  1983 | D:4      | Found Evyjut's Weapon Emporium.
  1989 | D:4      | Found a radiant altar of Vehumet.
  2060 | D:4      | Found a shattered altar of Ashenzari.
  2097 | D:4      | Reached skill level 6 in Axes
  2110 | D:4      | Reached XP level 5. HP: 33/45 MP: 4/4
  2232 | D:4      | Reached skill level 7 in Axes
  2416 | D:4      | Found a burning altar of Makhleb.
  2554 | D:4      | Reached XP level 6. HP: 41/51 MP: 5/5
  2793 | D:3      | Reached skill level 8 in Axes
  2988 | D:4      | Found a stormy altar of Qazlal.
  3242 | D:5      | Entered Level 5 of the Dungeon
  3417 | D:5      | Found Patis's Food Shoppe.
  3506 | D:5      | Reached skill level 9 in Axes
  3596 | D:5      | Found a shimmering altar of Xom.
  3599 | D:5      | Reached XP level 7. HP: 54/57 MP: 6/6
  3601 | D:5      | Found a shimmering altar of Xom.
  3602 | D:5      | Found a shimmering altar of Xom.
  3605 | D:5      | Found a shimmering altar of Xom.
  3613 | D:5      | Found a shimmering altar of Xom.
  3904 | D:5      | Found a snail-covered altar of Cheibriados.
  3917 | D:5      | Became a worshipper of Cheibriados the Contemplative
  4054 | D:6      | Found a glowing silver altar of Zin.
  4091 | D:6      | Reached skill level 1 in Dodging
  4118 | D:6      | Found a staircase to the Ecumenical Temple.
  4209 | D:6      | Reached skill level 10 in Axes
  4251 | D:6      | Reached skill level 4 in Fighting
  4274 | D:6      | Reached skill level 4 in Armour
  4274 | D:6      | Reached skill level 2 in Dodging
  4404 | D:6      | Reached XP level 8. HP: 65/67 MP: 7/7
  4438 | D:6      | Reached * piety under Cheibriados
  4497 | D:6      | Reached skill level 5 in Armour
  4626 | D:6      | Reached skill level 5 in Fighting
  4626 | D:6      | Reached skill level 3 in Dodging
  5110 | D:7      | Reached ** piety under Cheibriados
  5510 | D:7      | Reached skill level 6 in Fighting
  5510 | D:7      | Reached skill level 6 in Armour
  5510 | D:7      | Reached skill level 4 in Dodging
  5653 | D:7      | Reached skill level 11 in Axes
  5663 | D:7      | Reached XP level 9. HP: 63/77 MP: 8/8
  6466 | D:7      | Noticed Crazy Yiuf
  6472 | D:7      | Killed Crazy Yiuf
  6627 | D:8      | Reached skill level 7 in Fighting
  6627 | D:8      | Reached skill level 5 in Dodging
  6749 | D:8      | Reached skill level 7 in Armour
  6775 | D:8      | Reached *** piety under Cheibriados
  7324 | D:8      | Reached **** piety under Cheibriados
  7412 | D:8      | Found a sparkling altar of Nemelex Xobeh.
  7478 | D:8      | Reached skill level 8 in Fighting
  7599 | D:9      | Reached skill level 8 in Armour
  7599 | D:9      | Reached skill level 6 in Dodging
  7668 | D:9      | Reached skill level 12 in Axes
  7668 | D:9      | Reached XP level 10. HP: 88/88 MP: 9/9
  7682 | D:9      | Found a sacrificial altar of Ru.
  7745 | D:9      | Found a shadowy altar of Dithmenos.
  8004 | D:9      | Found a basalt altar of Yredelemnul.
  8026 | D:9      | Reached ***** piety under Cheibriados
  8348 | D:9      | Reached skill level 9 in Fighting
  8423 | D:10     | Entered Level 10 of the Dungeon
  8450 | D:10     | Reached skill level 7 in Dodging
  8487 | D:10     | Found a staircase to the Lair.
  8509 | D:10     | Reached skill level 13 in Axes
  8514 | D:10     | Reached skill level 9 in Armour
  8809 | D:10     | Noticed a hill giant
  8813 | D:10     | Killed a hill giant
  8865 | D:10     | Reached XP level 11. HP: 97/97 MP: 10/10
  9212 | D:11     | Found a portal to a secret trove of treasure.
  9222 | D:11     | Got a twitching copper ring
  9223 | D:11     | Identified the cursed ring of Ajischu {rElec EV-3 Int+3 Slay+3} (You found it on level 11 of the Dungeon)
  9359 | D:11     | Reached skill level 10 in Fighting
  9359 | D:11     | Reached skill level 14 in Axes
  9500 | D:11     | Reached skill level 8 in Dodging
  9501 | D:11     | Reached ****** piety under Cheibriados
  9533 | D:11     | Noticed a hill giant
  9542 | D:11     | Killed a hill giant
  9542 | D:11     | Reached skill level 10 in Armour
 10168 | D:12     | Found a staircase to the Orcish Mines.
 10320 | D:12     | Reached skill level 15 in Axes
 10929 | D:12     | Killed an unseen horror
 11055 | D:12     | Reached skill level 9 in Dodging
 11091 | D:12     | Found an ancient bone altar of Kikubaaqudgha.
 11099 | D:12     | Noticed a hill giant
 11104 | D:12     | Killed a hill giant
 11104 | D:12     | Reached skill level 11 in Fighting
 11104 | D:12     | Reached XP level 12. HP: 108/110 MP: 11/11
 11106 | D:12     | Found a runed door.
 11239 | D:12     | Found a white marble altar of Elyvilon.
 11249 | D:12     | Found a burning altar of Makhleb.
 11260 | D:12     | Found a basalt altar of Yredelemnul.
 11281 | D:12     | Found an iron altar of Okawaru.
 11290 | D:12     | Found a glowing golden altar of the Shining One.
 11347 | D:13     | Noticed a centaur warrior
 11354 | D:13     | Killed a centaur warrior
 11365 | D:13     | Reached skill level 11 in Armour
 11380 | D:13     | Found a flickering gateway to a bazaar.
 11389 | Bazaar   | Entered a bazaar
 11545 | Bazaar   | Found Asaykuan's Assorted Antiques.
 11545 | Bazaar   | Found Xeammaz's Assorted Antiques.
 11566 | Bazaar   | Found Iloi's Food Emporium.
 11566 | Bazaar   | Found Cusavufa's Magic Scroll Shoppe.
 11587 | Bazaar   | Found Lidappue's Distillery.
 11587 | Bazaar   | Found Xeucw's Antique Weapon Shoppe.
 11652 | Bazaar   | Bought a scroll labeled ONUYVO REONEOJ for 24 gold pieces
 11659 | Bazaar   | Bought a garnet ring for 150 gold pieces
 11659 | Bazaar   | Bought a notched granite ring for 150 gold pieces
 11663 | Bazaar   | Quit the game

Vault maps used:
D:1:      dpeg_arrival_boxorama
D:2:      first_bread
D:3:      lemuel_coloured_pillars_altar, lemuel_doored_altar,
          okawaru_ov_weapons_minmay
D:4:      evilmike_ruin_ashenzari, nicolae_overflow_hidden_temple,
          makhleb_heckhound_becter, nicolae_qazlal_eye_of_the_storm,
          serial_shops, kennysheep_mini_moat, feat_on_display
D:5:      slow_altar_2, serial_shops, nicolae_shop_stone, xom_redecorated
D:6:      zin_academy, temple_doors_c, serial_bayou_lagoon_a, kb_rosetta
D:7:      uniq_crazy_yiuf_cottage
D:8:      kennysheep_mini, hangedman_little_slice_of_home
D:9:      kennysheep_little_box, marbit_many_paths, lemuel_round_altar
D:10:     lair_0_dummy
D:11:     nicolae_trove_entry_free_sample, nrook_mini_vaults,
          kb_lookout_dungeons_type, minmay_misc_feat_x
D:12:     due_megacathedral, zombieorc2_lemuel
D:13:     lightli_vaults_fourway_checkpoint, serial_shops, bzr_entry_lakeside,
          lemuel_flamethrower_3
Bazaar:   bazaar_long_row

Vanquished Creatures
  A centaur warrior
  2 unseen horrors
  3 hill giants
  A flayed ghost
  An ugly thing
  2 cyclopes
  2 gargoyles
  A two-headed ogre
  A shadow
  7 wraiths
  2 fire bats
  22 yaks
  4 hungry ghosts
  A hippogriff
  A wyvern
  A hill giant zombie
  A basilisk
  2 deep elf magi
  2 water moccasins
  6 orc warriors
  2 ice beasts
  4 phantoms
  14 centaurs
  A sky beast
  2 necrophages
  4 ogres
  3 giant frogs
  2 big kobolds
  A crocodile
  A water moccasin zombie
  A wyvern skeleton
  A scorpion
  6 killer bees
  5 wights
  6 crimson imps
  13 orc priests
  9 hounds
  A quasit
  4 centaur skeletons
  A giant frog zombie
  9 jellies
  9 worker ants
  2 giant frog skeletons Crazy Yiuf
  3 iguanas
  14 orc wizards
  7 ogre zombies
  3 sheep
  A hound zombie
  A hound skeleton
  7 gnolls
  A worker ant zombie
  15 adders
  3 shadow imps
  5 oozes
  An adder skeleton
  2 worms
  7 giant geckos
  45 orcs
  4 giant cockroaches
  7 goblins
  7 hobgoblins
  17 jackals
  12 kobolds
  2 quokkas
  16 bats
  6 giant newts
  A goblin skeleton
  3 goblin zombies
  3 hobgoblin skeletons
  3 hobgoblin zombies
  3 orc skeletons
  12 orc zombies
  A quokka skeleton
  6 rats
  A bush
384 creatures vanquished.
